PIO (24 & UNDER)
COLORADO COMMANDERS @ CHULA VISTA TACOS
08/22/2023
 
TOP OF THE 1ST
Colorado Commanders batting - Pitching for Chula Vista Tacos : RHP Kitahachi Ine
Pitching: RHP Kitahachi Ine
Batting: RHB Arnold Harmon 0-0: Bunted foul
0-1: Swinging Strike
0-2: Ground out 6-3 (Groundball, 6)
Batting: LHB Rafael Delgado 0-0: Ball
1-0: Ball
2-0: Ball
3-0: Called Strike
3-1: Base on Balls
Batting: RHB Emílio Bruno 0-0: Called Strike
0-1: SINGLE (Line Drive, 34)
Rafael Delgado to second
Batting: RHB John Dinkins 0-0: Called Strike
Rafael Delgado steals 3rd base
Emílio Bruno to second
0-1: Called Strike
0-2: Strikes out swinging
Batting: RHB Diego Francisco 0-0: Called Strike
0-1: Foul Ball, location: 2F
0-2: Ball
1-2: Ball
2-2: Foul Ball, location: 2F
2-2: Strikes out looking
Top of the 1st over - 0 run(s), 1 hit(s), 0 error(s), 2 left on base; Colorado 0 - Chula Vista 0
BOTTOM OF THE 1ST
Chula Vista Tacos batting - Pitching for Colorado Commanders : RHP Jeffrey King
Pitching: RHP Jeffrey King
Batting: RHB Jorge Collazo 0-0: Foul Ball, location: 2F
0-1: Swinging Strike
0-2: Ball
1-2: SINGLE (Groundball, 4M)
Batting: RHB John Nelson 0-0: Ball
Throwing error on steal attempt, E2
Jorge Collazo to third
1-0: Called Strike
1-1: Swinging Strike
1-2: DOUBLE (Flyball, 7M)
Jorge Collazo scores
Batting: SHB Adrián Nieto 0-0: Swinging Strike
0-1: Ground out 4-3 (Groundball, 4M)
John Nelson to third
Batting: RHB Marty Hendrickson 0-0: Ball
1-0: Ball
2-0: Foul Ball, location: 2F
2-1: Swinging Strike
2-2: Foul Ball, location: 2F
2-2: Ball
3-2: Strikes out swinging
Batting: RHB Luis Martínez 0-0: Foul Ball, location: 2F
0-1: Ball
1-1: DOUBLE (Groundball, 5L)
John Nelson scores
Batting: RHB Francisco Rúbio 0-0: Ball
1-0: Called Strike
1-1: Ball
2-1: Ball
3-1: Base on Balls
Batting: LHB Ray Bryant 0-0: Ball
1-0: Ball
2-0: DOUBLE (Line Drive, 89D)
Luis Martínez scores
Francisco Rúbio to third
Batting: RHB José Oliveira 0-0: Swinging Strike
0-1: Ball
1-1: Ball
2-1: Foul Ball, location: 2F
2-2: Foul Ball, location: 2F
2-2: Fly out, F8 (Flyball, 8LM)
Bottom of the 1st over - 3 run(s), 4 hit(s), 1 error(s), 2 left on base; Colorado 0 - Chula Vista 3
TOP OF THE 2ND
Colorado Commanders batting - Pitching for Chula Vista Tacos : RHP Kitahachi Ine
Batting: LHB Gary Kern 0-0: Called Strike
0-1: Called Strike
0-2: Foul Ball, location: 2F
0-2: Foul Ball, location: 2F
0-2: Ball
1-2: Strikes out swinging
Batting: RHB Emiel van Rhee 0-0: Ball
1-0: Swinging Strike
1-1: Called Strike
1-2: Strikes out swinging
Batting: LHB John Nicholson 0-0: Foul Ball, location: 2F
0-1: Swinging Strike
0-2: Ball
1-2: Ball
2-2: Foul Ball, location: 2F
2-2: Strikes out looking
Top of the 2nd over - 0 run(s), 0 hit(s), 0 error(s), 0 left on base; Colorado 0 - Chula Vista 3
BOTTOM OF THE 2ND
Chula Vista Tacos batting - Pitching for Colorado Commanders : RHP Jeffrey King
Batting: LHB Jaime Icaza 0-0: Called Strike
0-1: Called Strike
0-2: Foul Ball, location: 2F
0-2: Ground out 4-3 (Groundball, 13)
Batting: RHB Jorge Collazo 0-0: Ball
1-0: Swinging Strike
1-1: Ball
2-1: Foul Ball, location: 2F
2-2: Ball
3-2: Base on Balls
Batting: RHB John Nelson 0-0: Ball
Jorge Collazo steals 2nd base
1-0: Ground out 4-3 (Groundball, 4)
Jorge Collazo to third
Batting: SHB Adrián Nieto 0-0: Called Strike
0-1: Foul Ball, location: 2F
0-2: Ground out 6-3 (Groundball, 6)
Bottom of the 2nd over - 0 run(s), 0 hit(s), 0 error(s), 1 left on base; Colorado 0 - Chula Vista 3
TOP OF THE 3RD
Colorado Commanders batting - Pitching for Chula Vista Tacos : RHP Kitahachi Ine
Batting: SHB Scott Compton 0-0: Foul Ball, location: 2F
0-1: Swinging Strike
0-2: Ball
1-2: Ground out 4-3 (Groundball, 4M)
Batting: RHB Arnold Harmon 0-0: SINGLE (Flyball, 9S)
Batting: LHB Rafael Delgado 0-0: Ball
1-0: Ball
2-0: Called Strike
2-1: SINGLE (Line Drive, 6D)
Arnold Harmon to second
Batting: RHB Emílio Bruno 0-0: Swinging Strike
0-1: Ground out 2-3 (Groundball, 25)
Arnold Harmon to third
Rafael Delgado to second
Batting: RHB John Dinkins 0-0: Ball
1-0: Ball
2-0: Ball
3-0: Swinging Strike
3-1: Base on Balls
Batting: RHB Diego Francisco 0-0: Fly out, F4 (Popup, 3)
Top of the 3rd over - 0 run(s), 2 hit(s), 0 error(s), 3 left on base; Colorado 0 - Chula Vista 3
BOTTOM OF THE 3RD
Chula Vista Tacos batting - Pitching for Colorado Commanders : RHP Jeffrey King
Batting: RHB Marty Hendrickson 0-0: Fly out, F4 (Popup, 3D)
Batting: RHB Luis Martínez 0-0: Called Strike
0-1: Ball
1-1: Foul Ball, location: 2F
1-2: Hit by Pitch
Batting: RHB Francisco Rúbio 0-0: Ball
1-0: Foul Ball, location: 2F
1-1: Called Strike
1-2: Foul Ball, location: 2F
1-2: Strikes out looking
Batting: LHB Ray Bryant 0-0: Foul Ball, location: 2F
0-1: Foul Ball, location: 2F
0-2: Ball
1-2: Fly out, F5 (Popup, 5)
Bottom of the 3rd over - 0 run(s), 0 hit(s), 0 error(s), 1 left on base; Colorado 0 - Chula Vista 3
TOP OF THE 4TH
Colorado Commanders batting - Pitching for Chula Vista Tacos : RHP Kitahachi Ine
Batting: LHB Gary Kern 0-0: Ball
1-0: Swinging Strike
1-1: Foul Ball, location: 2F
1-2: Strikes out swinging
Batting: RHB Emiel van Rhee 0-0: Called Strike
0-1: Ball
1-1: Ball
2-1: Swinging Strike
2-2: Foul Ball, location: 2F
2-2: Strikes out swinging
Batting: LHB John Nicholson 0-0: Called Strike
0-1: Ball
1-1: Swinging Strike
1-2: SINGLE (Groundball, 6MD)
Batting: SHB Scott Compton 0-0: Ball
1-0: Ball
2-0: Swinging Strike
2-1: Ball
3-1: Foul Ball, location: 2F
3-2: Ground out 1-3 (Groundball, 13)
Top of the 4th over - 0 run(s), 1 hit(s), 0 error(s), 1 left on base; Colorado 0 - Chula Vista 3
BOTTOM OF THE 4TH
Chula Vista Tacos batting - Pitching for Colorado Commanders : RHP Jeffrey King
Batting: RHB José Oliveira 0-0: Called Strike
0-1: Ball
1-1: SINGLE (Line Drive, 56D)
Batting: LHB Jaime Icaza 0-0: Ball
1-0: Ball
2-0: Swinging Strike
2-1: Called Strike
2-2: Ball
3-2: Base on Balls
José Oliveira to second
Batting: RHB Jorge Collazo 0-0: Called Strike
0-1: Ball
1-1: Called Strike
1-2: Foul Ball, location: 2F
1-2: Ball
2-2: Foul Ball, location: 2F
2-2: Strikes out swinging
Batting: RHB John Nelson 0-0: Called Strike
0-1: Ball
1-1: Ball
2-1: Foul Ball, location: 2F
2-2: Foul Ball, location: 2F
2-2: Ball
3-2: Foul Ball, location: 2F
3-2: SINGLE (Groundball, 4M)
José Oliveira to third
Jaime Icaza to second
Runner from 3rd tries for Home, SAFE, throw made home
Pitching: RHP Kel Rosewarne
Batting: SHB Adrián Nieto 0-0: Called Strike
0-1: Ball
1-1: Ball
Jaime Icaza steals 3rd base
John Nelson to second
2-1: SINGLE (Line Drive, 6D)
Jaime Icaza scores
John Nelson to third
Batting: RHB Marty Hendrickson 0-0: Ball
1-0: Grounds into double play, U4-3 (Groundball, 4M)
Bottom of the 4th over - 2 run(s), 3 hit(s), 0 error(s), 1 left on base; Colorado 0 - Chula Vista 5
TOP OF THE 5TH
Colorado Commanders batting - Pitching for Chula Vista Tacos : RHP Kitahachi Ine
Batting: RHB Arnold Harmon 0-0: Ball
1-0: Ball
2-0: Swinging Strike
2-1: Foul Ball, location: 2F
2-2: Ball
3-2: Base on Balls
Batting: LHB Rafael Delgado 0-0: Ball
1-0: Ball
2-0: Swinging Strike
2-1: Foul Ball, location: 2F
2-2: Foul Ball, location: 2F
2-2: Strikes out swinging
Batting: RHB Emílio Bruno 0-0: Ball
1-0: Ball
2-0: Called Strike
2-1: Called Strike
Arnold Harmon is caught stealing 2nd base
2-2: Foul Ball, location: 2F
2-2: Strikes out swinging
Top of the 5th over - 0 run(s), 0 hit(s), 0 error(s), 0 left on base; Colorado 0 - Chula Vista 5
BOTTOM OF THE 5TH
Chula Vista Tacos batting - Pitching for Colorado Commanders : RHP Kel Rosewarne
Batting: RHB Luis Martínez 0-0: Called Strike
0-1: Swinging Strike
0-2: Ball
1-2: Strikes out swinging
Batting: RHB Francisco Rúbio 0-0: Ball
1-0: Ball
2-0: Ball
3-0: Called Strike
3-1: Foul Ball, location: 2F
3-2: Base on Balls
Batting: LHB Ray Bryant 0-0: Ball
1-0: Foul Ball, location: 2F
1-1: Called Strike
1-2: SINGLE (Line Drive, 78S)
Francisco Rúbio to second
Batting: RHB José Oliveira 0-0: Ball
Francisco Rúbio steals 3rd base
Ray Bryant to second
1-0: Foul Ball, location: 2F
1-1: Ground out 1-3 (Groundball, 13S)
Batting: LHB Jaime Icaza 0-0: Ground out 1-3 (Groundball, 23)
Bottom of the 5th over - 0 run(s), 1 hit(s), 0 error(s), 2 left on base; Colorado 0 - Chula Vista 5
TOP OF THE 6TH
Colorado Commanders batting - Pitching for Chula Vista Tacos : RHP Kitahachi Ine
Pitching: RHP Jody Clemente
Batting: RHB John Dinkins 0-0: Called Strike
0-1: Foul Ball, location: 2F
0-2: Strikes out looking
Batting: RHB Diego Francisco 0-0: SINGLE (Line Drive, 8LS)
Batting: LHB Gary Kern 0-0: Ball
1-0: Ball
2-0: Ball
3-0: Called Strike
3-1: Called Strike
3-2: Base on Balls
Diego Francisco to second
Batting: RHB Emiel van Rhee 0-0: Ball
1-0: Ball
2-0: Called Strike
2-1: Fly out, F2 (Popup, 2RF)
Batting: LHB John Nicholson 0-0: Ball
1-0: Foul Ball, location: 2F
1-1: Foul Ball, location: 2F
1-2: Ball
2-2: Ball
3-2: Ground out 4-3 (Groundball, 4)
Top of the 6th over - 0 run(s), 1 hit(s), 0 error(s), 2 left on base; Colorado 0 - Chula Vista 5
BOTTOM OF THE 6TH
Chula Vista Tacos batting - Pitching for Colorado Commanders : RHP Kel Rosewarne
Batting: RHB Jorge Collazo 0-0: Called Strike
0-1: SINGLE (Line Drive, 4MD)
Batting: RHB John Nelson 0-0: Ball
1-0: Ball
Jorge Collazo steals 2nd base
2-0: Ball
Jorge Collazo steals 3rd base
3-0: Base on Balls
Batting: SHB Adrián Nieto 0-0: Called Strike
0-1: Swinging Strike
0-2: Ball
1-2: Foul Ball, location: 2F
1-2: Ball
2-2: Ball
3-2: 3-RUN HOME RUN (Flyball, 89XD), Distance : 433 ft
Batting: RHB Marty Hendrickson 0-0: Ball
1-0: Called Strike
1-1: Ball
2-1: Foul Ball, location: 2F
2-2: Foul Ball, location: 2F
2-2: Ball
3-2: Base on Balls
Batting: RHB Luis Martínez 0-0: Foul Ball, location: 2F
0-1: Ball
1-1: Foul Ball, location: 2F
1-2: DOUBLE (Line Drive, 8LM)
Marty Hendrickson to third
Batting: RHB Francisco Rúbio 0-0: Ball
1-0: Ball
2-0: Ball
3-0: Called Strike
3-1: Base on Balls
Batting: LHB Ray Bryant 0-0: Swinging Strike
0-1: Ball
1-1: DOUBLE (Line Drive, 9LM)
Marty Hendrickson scores
Luis Martínez scores
Francisco Rúbio to third
Runner from 3rd tries for Home, SAFE, no throw or cutoff
Pitching: RHP Jerry Campbell
Batting: RHB José Oliveira 0-0: Swinging Strike
0-1: Ball
1-1: Swinging Strike
1-2: Hit by Pitch
Batting: LHB Jaime Icaza 0-0: Ball
1-0: Ball
2-0: Called Strike
2-1: Ball
3-1: Foul Ball, location: 2F
3-2: Foul Ball, location: 2F
3-2: Foul Ball, location: 2F
3-2: Strikes out looking
Batting: RHB Jorge Collazo 0-0: Ball
1-0: Swinging Strike
1-1: Called Strike
1-2: Strikes out looking
Batting: RHB John Nelson 0-0: Foul Ball, location: 2F
0-1: Ball
1-1: Ball
2-1: Ball
3-1: Foul Ball, location: 2F
3-2: Strikes out swinging
Bottom of the 6th over - 6 run(s), 4 hit(s), 0 error(s), 2 left on base; Colorado 0 - Chula Vista 11
TOP OF THE 7TH
Colorado Commanders batting - Pitching for Chula Vista Tacos : RHP Jody Clemente
Batting: SHB Scott Compton 0-0: Called Strike
0-1: Called Strike
0-2: Ball
1-2: Ground out 6-3 (Groundball, 6M)
Batting: RHB Arnold Harmon 0-0: Ball
1-0: Called Strike
1-1: Called Strike
1-2: Ball
2-2: Foul Ball, location: 2F
2-2: Foul Ball, location: 2F
2-2: SINGLE (Groundball, 6D)
Batting: LHB Rafael Delgado 0-0: Ball
1-0: Ball
2-0: Ball
3-0: Base on Balls
Arnold Harmon to second
Batting: RHB Emílio Bruno 0-0: Ball
1-0: Ball
2-0: Called Strike
2-1: Swinging Strike
2-2: Ball
3-2: Foul Ball, location: 2F
3-2: Base on Balls
Arnold Harmon to third
Rafael Delgado to second
Batting: RHB John Dinkins 0-0: Swinging Strike
0-1: Swinging Strike
0-2: Ball
1-2: Ball
2-2: Fly out, F7 (Flyball, 7D)
Runner from 3rd tags up, SCORES, no throw
Rafael Delgado to third
Batting: RHB Diego Francisco 0-0: Ball
Emílio Bruno is caught stealing 2nd base
Top of the 7th over - 1 run(s), 1 hit(s), 0 error(s), 0 left on base; Colorado 1 - Chula Vista 11
BOTTOM OF THE 7TH
Chula Vista Tacos batting - Pitching for Colorado Commanders : RHP Jerry Campbell
Batting: SHB Adrián Nieto 0-0: Foul Ball, location: 2F
0-1: Ball
1-1: Ball
2-1: Swinging Strike
2-2: Foul Ball, location: 2F
2-2: Strikes out swinging
Batting: RHB Marty Hendrickson 0-0: Ground out 6-3 (Groundball, 6)
Batting: RHB Luis Martínez 0-0: Foul Ball, location: 2F
0-1: SINGLE (Groundball, 25) (infield hit)
Batting: RHB Francisco Rúbio 0-0: Ball
1-0: Called Strike
1-1: Ball
Wild Pitch!
Luis Martínez to second
2-1: SINGLE (Groundball, 56D) (infield hit)
Luis Martínez to third
Batting: LHB Ray Bryant 0-0: Called Strike
0-1: Ball
1-1: Ball
2-1: Fly out, F7 (Flyball, 7M)
Bottom of the 7th over - 0 run(s), 2 hit(s), 0 error(s), 2 left on base; Colorado 1 - Chula Vista 11
TOP OF THE 8TH
Colorado Commanders batting - Pitching for Chula Vista Tacos : RHP Jody Clemente
Pitching: LHP Geoff Williams
Batting: RHB Diego Francisco 0-0: Ball
1-0: Ground out 4-3 (Groundball, 4)
Batting: LHB Gary Kern 0-0: Fly out, F6 (Popup, 7LSF)
Batting: RHB Emiel van Rhee 0-0: Ball
1-0: Called Strike
1-1: Foul Ball, location: 2F
1-2: Ground out 4-3 (Groundball, 4)
Top of the 8th over - 0 run(s), 0 hit(s), 0 error(s), 0 left on base; Colorado 1 - Chula Vista 11
BOTTOM OF THE 8TH
Chula Vista Tacos batting - Pitching for Colorado Commanders : RHP Jerry Campbell
Pitching: RHP Bill Davis
Batting: RHB José Oliveira 0-0: Called Strike
0-1: Ball
1-1: Fly out, F7 (Popup, 78S)
Batting: LHB Jaime Icaza 0-0: Swinging Strike
0-1: Ball
1-1: Ball
2-1: SINGLE (Groundball, 56D)
Batting: RHB Jorge Collazo 0-0: Called Strike
0-1: Swinging Strike
0-2: Ball
1-2: Ball
2-2: Ball
3-2: Foul Ball, location: 2F
3-2: Foul Ball, location: 2F
3-2: Fly out, F7 (Flyball, 78M)
Batting: RHB John Nelson 0-0: Ground out 4-3 (Groundball, 4)
Bottom of the 8th over - 0 run(s), 1 hit(s), 0 error(s), 1 left on base; Colorado 1 - Chula Vista 11
TOP OF THE 9TH
Colorado Commanders batting - Pitching for Chula Vista Tacos : LHP Geoff Williams
Now at 3B: Brian Price
Batting: LHB John Nicholson 0-0: Ground out 3-1 (Groundball, 34)
Batting: SHB Scott Compton 0-0: Ball
1-0: Ball
2-0: Ball
3-0: Base on Balls
Batting: RHB Arnold Harmon 0-0: Called Strike
0-1: Ball
1-1: SINGLE (Line Drive, 9S)
Scott Compton to second
Batting: LHB Rafael Delgado 0-0: Ball
1-0: Ball
2-0: Foul Ball, location: 2F
2-1: Called Strike
2-2: Fielders Choice at 2nd, 6-4 (Groundball, 6)
Scott Compton to third
Batting: RHB Emílio Bruno 0-0: Fly out, F9 (Line Drive, 89D)
Top of the 9th over - 0 run(s), 1 hit(s), 0 error(s), 2 left on base; Colorado 1 - Chula Vista 11
This league is powered by Out of the Park Baseball, the baseball management simulation game for PC, Mac and Linux
Wednesday, December 2nd, 2015 - OOTP Baseball 16.8 Build 38